 Dungeon Crawl Stone Soup version 0.24.0-123-gd5b16e6ec5 (webtiles) character file.

Game seed: 4271829149489369491, levelgen mode: deterministic

1180 SeryemDCSS the Magician (level 8, -5/87 HPs)
             Began as a Gnoll Wizard on Jan 6, 2020.
             Killed from afar by an electric eel (7 damage)
             ... with a bolt of electricity
             ... on level 6 of the Dungeon.
             The game lasted 00:20:25 (8059 turns).

SeryemDCSS the Magician (Gnoll Wizard)              Turns: 8059, Time: 00:20:27

Health: -5/87      AC:  7    Str: 14    XL:     8   Next: 42%
Magic:  15/19      EV: 15    Int: 23    God:
Gold:   249        SH:  0    Dex: 14    Spells: 8/22 levels left

rFire    . . .     SeeInvis .   z - +1 spear (venom)
rCold    . . .     Gourm    +   (no shield)
rNeg     + . .     Faith    .   q - +0 robe
rPois    .         Spirit   .   e - +2 hat
rElec    .         Reflect  .   (no cloak)
rCorr    .         Harm     .   s - +0 pair of gloves
MR       .....                  B - +1 pair of boots
Stlth    ..........             i - amulet of the gourmand
HPRegen  0.24/turn              j - ring of positive energy
MPRegen  0.16/turn              (no ring)

@: berserking, very quick
A: distributed training, fangs 1, strong nose
a: no special abilities


You were on level 6 of the Dungeon.
You were not hungry.

You visited 2 branches of the dungeon, and saw 7 of its levels.

You collected 249 gold pieces.

Inventory:

Hand Weapons
 g - a +0 club
 m - a +0 spear
 o - a +3 short sword
 z - a +1 spear of venom (weapon)
 A - a +2 whip of freezing
Armour
 b - a +0 hat
 e - a +2 hat (worn)
 q - a +0 robe (worn)
 s - a +0 pair of gloves (worn)
 x - a +2 leather armour of cold resistance
 B - a +1 pair of boots (worn)
 D - a cursed -1 robe
Jewellery
 i - an amulet of the gourmand (around neck)
 j - a ring of positive energy (left hand)
Wands
 a - a wand of flame (28)
 y - a wand of clouds (7)
Scrolls
 k - a scroll of teleportation
 r - 3 scrolls of remove curse
 v - 4 scrolls of enchant weapon
 C - 2 scrolls of identify
 E - a scroll of magic mapping {unknown}
 F - a scroll of fog {unknown}
Potions
 f - 3 potions of mutation
 h - 2 potions of brilliance
 l - a potion of might {unknown}
 n - a potion of magic {unknown}
 p - 3 potions of degeneration
 t - a potion of lignification {unknown}
 u - a potion of agility {unknown}
 w - 2 potions of curing {unknown}
Comestibles
 d - 5 rations


   Skills:
 + Level 3.2 Fighting
 + Level 3.2 Short Blades
 + Level 3.2 Long Blades
 + Level 3.2 Axes
 + Level 3.2 Maces & Flails
 + Level 3.2 Polearms
 + Level 3.2 Staves
 + Level 3.2 Slings
 + Level 3.2 Bows
 + Level 3.2 Crossbows
 + Level 3.2 Throwing
 + Level 3.2 Armour
 + Level 5.6 Dodging
 + Level 5.3 Stealth
 + Level 3.2 Shields
 + Level 3.2 Unarmed Combat
 + Level 7.9 Spellcasting
 + Level 3.4 Conjurations
 + Level 2.6 Hexes
 + Level 2.6 Charms
 + Level 3.4 Summonings
 + Level 2.6 Necromancy
 + Level 3.4 Translocations
 + Level 2.6 Transmutations
 + Level 2.6 Fire Magic
 + Level 2.6 Ice Magic
 + Level 2.6 Air Magic
 + Level 2.6 Earth Magic
 + Level 2.6 Poison Magic
 + Level 3.5 Invocations
 + Level 3.2 Evocations


You had 8 spell levels left.
You knew the following spells:

 Your Spells              Type           Power        Failure   Level  Hunger
a - Magic Dart            Conj           ###.         1%          1    None
b - Call Imp              Summ           ###.....     2%          2    None
e - Conjure Flame         Conj/Fire      ###.....     6%          3    None
f - Mephitic Cloud        Conj/Pois/Air  ###.....     6%          3    None
i - Blink                 Tloc           N/A          2%          2    None
j - Regeneration          Chrm/Necr      ###.......   8%          3    None

Your spell library contained the following spells:

 Spells                   Type           Power        Failure   Level  Hunger
 Confusing Touch          Hex            ###...       2%          1    None
 Corpse Rot               Necr           N/A          3%          2    None
 Slow                     Hex            ###.....     3%          2    None
 Gell's Gravitas          Tloc           ###.......   5%          3    None
 Confuse                  Hex            ###.....     8%          3    None
 Petrify                  Tmut/Erth      ###.....     24%         4    ###....
 Iskenderun's Battlesphe  Conj/Chrm      ###.....     50%         5    #####..
 Venom Bolt               Conj/Pois      ###.......   50%         5    #####..
 Bolt of Magma            Conj/Fire/Erth ###.......   52%         5    #####..
 Agony                    Necr           ###.....     56%         5    #####..
 Metabolic Englaciation   Hex/Ice        ###.......   56%         5    #####..
 Yara's Violent Unravell  Hex/Tmut       ###.......   56%         5    #####..
 Iron Shot                Conj/Erth      ###.......   97%         6    ######.
 Darkness                 Hex            ###.......   98%         6    ######.
 Orb of Destruction       Conj           ###.......   100%        7    #######
 Spellforged Servitor     Conj/Summ      ###.......   100%        7    #######


Dungeon Overview and Level Annotations

Branches:
Dungeon (6/15)             Temple (1/1) D:4

Altars:
Cheibriados
Dithmenos
Elyvilon
Fedhas
Gozag
Kikubaaqudgha
Makhleb
Nemelex Xobeh
Qazlal
Ru
Sif Muna
Trog
Uskayaw
Vehumet
Wu Jian
Xom
Yredelemnul
Zin
The Shining One

Shops:
D:5 (

Annotations:
D:4 Menkaure


Innate Abilities, Weirdness & Mutations

Your experience applies equally to all skills.
You have very sharp teeth.
Your uncanny sense of smell can sniff out nearby items.


Message History

* * * LOW HITPOINT WARNING * * *
A bullfrog comes into view.
The bullfrog hits you!
* * * LOW HITPOINT WARNING * * *
You closely miss the bullfrog.
You are too berserk!
You puncture the bullfrog!
The bullfrog is poisoned.
The bullfrog is moderately wounded.
The bullfrog hits you but does no damage.
The bullfrog completely misses you.
You puncture the bullfrog! Your bite misses the bullfrog.
The bullfrog is almost dead.
You hit the bullfrog.
The bullfrog is almost dead.
The bullfrog closely misses you.
The electric eel shoots out a bolt of lightning at you!
The bolt of electricity hits the bullfrog!
The bullfrog dies!
The bolt of electricity hits you!
You die...

#.. +...≈
.# ...≈♣ #
♣..≈≈♣♣ #
#...≈≈♣♣
#...≈≈♣♣♣ ≈
∆
#..F;≈≈♣≈≈≈
#.†.......
#@.Z.....
##♣.....♣
#####


You could see a bullfrog, an electric eel and a howler monkey skeleton.

Vanquished Creatures
  An orc warrior (D:5)
  A phantom (D:3)
  4 ogres
  A bullfrog zombie (D:6)
  2 hounds (D:5)
  A jelly (D:5)
  A centaur zombie (D:5)
  An orc priest (D:4)
  An orc wizard (D:4)
  Jessica (D:2)
  2 worker ants (D:4)
  A hound zombie (D:6)
  Robin (D:4)
  4 adders
  4 oozes
  A dart slug (D:4)
  7 leopard geckos
  13 orcs
  6 giant cockroaches
  10 hobgoblins
  6 jackals
  4 quokkas
  2 ball pythons (D:2)
  10 bats
  6 frilled lizards
  16 goblins
  6 kobolds
  9 rats
122 creatures vanquished.

Vanquished Creatures (collateral kills)
  A phantom (D:5)
  A bullfrog (D:6)
  Ijyb (D:3)
  An orc wizard (D:3)
  A gnoll (D:1)
  A worm (D:2)
  A dart slug (D:3)
  2 orcs (D:3)
  2 jackals (D:6)
  A rat (D:3)
12 creatures vanquished.

Vanquished Creatures (others)
  A bullfrog (D:6)
  4 toadstools (D:1)
5 creatures vanquished.

Grand Total: 139 creatures vanquished

Notes
Turn   | Place    | Note
-------+----------+-------------------------------------------
     0 | D:1      | SeryemDCSS the Gnoll Wizard began the quest for the Orb.
     0 | D:1      | Reached XP level 1. HP: 13/13 MP: 8/8
   191 | D:1      | Reached XP level 2. HP: 20/20 MP: 1/10
   736 | D:1      | Reached XP level 3. HP: 25/25 MP: 8/11
   740 | D:1      | Learned a level 2 spell: Call Imp
   743 | D:1      | Learned a level 2 spell: Blink
   747 | D:1      | Learned a level 3 spell: Conjure Flame
   751 | D:1      | Learned a level 3 spell: Mephitic Cloud
  1302 | D:2      | Reached skill level 1 in Invocations
  1462 | D:2      | Found a shimmering altar of Xom.
  1464 | D:2      | Found a shattered altar of Ashenzari.
  1464 | D:2      | Found a hide-covered altar of Uskayaw.
  1467 | D:2      | Found a hide-covered altar of Uskayaw.
  1467 | D:2      | Found a basalt altar of Yredelemnul.
  1467 | D:2      | Found a shimmering altar of Xom.
  1612 | D:2      | Reached skill level 1 in Fighting
  1612 | D:2      | Reached skill level 1 in Short Blades
  1612 | D:2      | Reached skill level 1 in Long Blades
  1612 | D:2      | Reached skill level 1 in Axes
  1612 | D:2      | Reached skill level 1 in Maces & Flails
  1612 | D:2      | Reached skill level 1 in Polearms
  1612 | D:2      | Reached skill level 1 in Staves
  1612 | D:2      | Reached skill level 1 in Slings
  1612 | D:2      | Reached skill level 1 in Bows
  1612 | D:2      | Reached skill level 1 in Crossbows
  1612 | D:2      | Reached skill level 1 in Throwing
  1612 | D:2      | Reached skill level 1 in Armour
  1612 | D:2      | Reached skill level 1 in Shields
  1612 | D:2      | Reached skill level 1 in Unarmed Combat
  1612 | D:2      | Reached skill level 1 in Evocations
  1771 | D:2      | Reached XP level 4. HP: 32/32 MP: 5/13
  2247 | D:2      | Noticed Jessica
  2253 | D:2      | Killed Jessica
  2253 | D:2      | Reached skill level 1 in Hexes
  2253 | D:2      | Reached skill level 1 in Charms
  2253 | D:2      | Reached skill level 1 in Necromancy
  2253 | D:2      | Reached skill level 1 in Transmutations
  2253 | D:2      | Reached skill level 1 in Fire Magic
  2253 | D:2      | Reached skill level 1 in Ice Magic
  2253 | D:2      | Reached skill level 1 in Air Magic
  2253 | D:2      | Reached skill level 1 in Earth Magic
  2253 | D:2      | Reached skill level 1 in Poison Magic
  2664 | D:3      | Reached XP level 5. HP: 33/37 MP: 5/14
  3005 | D:3      | Found a sparkling altar of Nemelex Xobeh.
  3005 | D:3      | Found an ancient bone altar of Kikubaaqudgha.
  3043 | D:3      | Noticed Ijyb
  3091 | D:3      | Killed Ijyb
  3671 | D:4      | Noticed an ogre
  3863 | D:4      | Noticed Menkaure
  3863 | D:4      | Noticed a phantom
  4082 | D:4      | Noticed Robin
  4090 | D:4      | Killed Robin
  4209 | D:3      | Killed a phantom
  4209 | D:3      | Reached XP level 6. HP: 32/44 MP: 3/16
  4349 | D:3      | Reached skill level 5 in Dodging
  5394 | D:4      | Noticed an angel
  5395 | D:4      | Found a glowing silver altar of Zin.
  5431 | D:4      | Found a staircase to the Ecumenical Temple.
  5445 | Temple   | Entered the Ecumenical Temple
  5785 | D:4      | Reached XP level 7. HP: 45/50 MP: 2/18
  6271 | D:5      | Entered Level 5 of the Dungeon
  6545 | D:5      | Reached skill level 5 in Stealth
  7043 | D:5      | Reached XP level 8. HP: 54/57 MP: 15/19
  7318 | D:5      | Identified the Papyrus of Doomed Hexes
  7324 | D:5      | Learned a level 3 spell: Regeneration
  7460 | D:5      | Found Benut's Weapon Shop.
  7490 | D:5      | Found a radiant altar of Vehumet.
  7490 | D:5      | Found a stormy altar of Qazlal.
  7838 | D:6      | Found a bloodstained altar of Trog.
  8055 | D:6      | HP: 1/87 [bullfrog (8)]
  8059 | D:6      | Killed from afar by an electric eel

Levels and vault maps discovered:
D:1:      ldierk_water_garden, layout_basic
D:2:      layout_loops_corners, doesnt_xom_only_xom, uniq_jessica
D:3:      layout_loops_ring, gammafunk_temple_overflow_statue,
          minmay_misc_feat_five, minmay_checkerbox, uniq_ijyb
D:4:      minmay_skewed_foursquare, layout_basic, zin_angel, temple_green,
          first_ration, uniq_robin, uniq_menkaure
D:5:      layout_loops_corners, gammafunk_temple_overflow_wave, serial_shops,
          kennysheep_mini, minmay_small_thing
D:6:      layout_loops_cross, lemuel_crystal_altar,
          lemuel_coloured_pillars_altar, kennysheep_donut, uniq_grinder
Temple:   oiseaux_autumnal_temple

Skill      XL: |  1  2  3  4  5  6  7  8 |
---------------+-------------------------+-----
Conjurations   | 2 3 |  3.4
Summonings     | 2 3 |  3.4
Translocations | 2 3 |  3.4
Invocations    | 1 2 3 |  3.5
Fighting       | 1 2 3 |  3.2
Short Blades   | 1 2 3 |  3.2
Long Blades    | 1 2 3 |  3.2
Axes           | 1 2 3 |  3.2
Maces & Flails | 1 2 3 |  3.2
Polearms       | 1 2 3 |  3.2
Staves         | 1 2 3 |  3.2
Slings         | 1 2 3 |  3.2
Bows           | 1 2 3 |  3.2
Crossbows      | 1 2 3 |  3.2
Throwing       | 1 2 3 |  3.2
Armour         | 1 2 3 |  3.2
Shields        | 1 2 3 |  3.2
Unarmed Combat | 1 2 3 |  3.2
Evocations     | 1 2 3 |  3.2
Hexes          | 1 2 |  2.6
Charms         | 1 2 |  2.6
Necromancy     | 1 2 |  2.6
Transmutations | 1 2 |  2.6
Fire Magic     | 1 2 |  2.6
Ice Magic      | 1 2 |  2.6
Air Magic      | 1 2 |  2.6
Earth Magic    | 1 2 |  2.6
Poison Magic   | 1 2 |  2.6
Dodging        | 5 |  5.6
Stealth        | 5 |  5.3
Spellcasting   | |  7.9

Action                   |  1- 3 |  4- 6 |  7- 9 || total
-------------------------+-------+-------+-------++-------
Melee: Short sword       |     1 |    10 |       ||    11
       Bite              |       |     4 |     3 ||     7
       Spear             |       |    68 |    51 ||   119
 Cast: Magic Dart        |    88 |   143 |    58 ||   289
       Call Imp          |     1 |    17 |    13 ||    31
       Conjure Flame     |       |     9 |     8 ||    17
       Mephitic Cloud    |       |     5 |     3 ||     8
       Blink             |       |     1 |     4 ||     5
  Use: Scroll            |       |     8 |     2 ||    10
       Potion            |       |       |     1 ||     1
 Stab: Confused          |       |     1 |       ||     1
  Eat: Chunk             |     2 |    10 |     9 ||    21
       Ration            |       |     1 |       ||     1
Armor: Robe              |    12 |    21 |    14 ||    47
Dodge: Dodged            |    31 |    45 |    33 ||   109
